 Dungeon Crawl Stone Soup version 0.27.1-4-g1640c2035a (webtiles) character file.

Game seed: 11862744436375058869

7 zeram the Caller (level 2, -2/19 HPs)
             Began as a Gnoll Summoner on Nov 17, 2021.
             Slain by a kobold (11 damage)
             ... on level 1 of the Dungeon.
             The game lasted 00:00:49 (631 turns).

zeram the Caller (Gnoll Summoner)                    Turns: 631, Time: 00:00:52

Health: -2/19      AC:  2    Str:  7    XL:     2   Next: 4%
Magic:  5/7        EV: 13    Int: 14    God:
Gold:   35         SH:  0    Dex: 12    Spells: 9/10 levels left

rFire    . . .     SeeInvis .   d - +0 whip
rCold    . . .     Faith    .   (no shield)
rNeg     . . .     Spirit   .   a - +0 robe
rPois    .         Reflect  .   (no helmet)
rElec    .         Harm     .   (no cloak)
rCorr    .         Rampage  .   (no gloves)
Will     .....                  (no boots)
Stlth    ++........             (no amulet)
HPRegen  0.06/turn              (no ring)
MPRegen  0.10/turn              (no ring)

@: no status effects
A: fangs 1, strong nose, distributed training
a: no special abilities


You were on level 1 of the Dungeon.
You visited 1 branch of the dungeon, and saw 1 of its levels.

You collected 35 gold pieces.

Inventory:

Hand Weapons
 d - a +0 whip (weapon)
Armour
 a - a +0 robe (worn)
Scrolls
 b - a scroll of identify {unknown}
 e - a scroll of enchant armour {unknown}
 f - a scroll of fog {unknown}
Potions
 c - a potion of degeneration {unknown}


   Skills:
 + Level 0.2 Fighting
 + Level 0.2 Short Blades
 + Level 0.2 Long Blades
 + Level 0.2 Axes
 + Level 0.2 Maces & Flails
 + Level 0.2 Polearms
 + Level 0.2 Staves
 + Level 0.2 Slings
 + Level 0.2 Bows
 + Level 0.2 Crossbows
 + Level 0.2 Throwing
 + Level 0.2 Armour
 + Level 4.4 Dodging
 + Level 4.0 Stealth
 + Level 0.2 Shields
 + Level 0.2 Unarmed Combat
 + Level 4.9 Spellcasting
 + Level 0.1 Conjurations
 + Level 0.1 Hexes
 + Level 7.0 Summonings
 + Level 0.1 Necromancy
 + Level 0.1 Translocations
 + Level 0.1 Transmutations
 + Level 0.1 Fire Magic
 + Level 0.1 Ice Magic
 + Level 0.1 Air Magic
 + Level 0.1 Earth Magic
 + Level 0.1 Poison Magic
 + Level 0.3 Invocations
 + Level 0.2 Evocations


You had 9 spell levels left.
You knew the following spells:

 Your Spells              Type           Power      Damage    Failure   Level
a - Summon Small Mammal   Summ           92%        N/A       1%          1

Your spell library contained the following spells:

 Spells                   Type           Power      Damage    Failure   Level
 Call Imp                 Summ           23%        N/A       1%          2
 Call Canine Familiar     Summ           23%        N/A       3%          3
 Summon Guardian Golem    Hex/Summ       13%        N/A       12%         3
 Summon Lightning Spire   Summ/Air       13%        N/A       36%         4


Dungeon Overview and Level Annotations

Branches:
Dungeon (1/15)

Altars:


Innate Abilities, Weirdness & Mutations

You have very sharp teeth.
Your uncanny sense of smell can sniff out nearby items.
Your experience applies equally to all skills.


Message History

The endoplasm freezes you.
You are frozen.
Your quokka bites the endoplasm.
You catch the helpless endoplasm completely off-guard!
You hit the endoplasm.
You kill the endoplasm!
No target in view!
Your quokka disappears in a puff of smoke!
Your quokka disappears in a puff of smoke!
Found a scroll labelled RYHEIG IGIT.
Found 19 stones.
e - a scroll labelled MONWAG EJIU
f - a scroll labelled RYHEIG IGIT A dart slug comes into view.
A dart slug is nearby!
A dart slug is nearby!
A dart slug is nearby!
Found a scroll labelled MONWAG EJIU.
A hobgoblin comes into view.
The helpless dart slug fails to defend itself.
You hit the dart slug.
The dart slug is heavily wounded.
The hobgoblin shouts!
You hear a shout!
The dart slug misses you.
A kobold comes into view.
It is wielding a +2 dagger of electrocution.
You hit the dart slug but do no damage.
The dart slug is heavily wounded.
You hit the dart slug but do no damage.
The dart slug is heavily wounded.
The dart slug bites you. The hobgoblin hits you.
Casting: Summon Small Mammal (safe; 1% risk of failure)
Confirm with . or Enter, or press ? or * to list all spells.
The hobgoblin hits you. The dart slug bites you.
The hobgoblin closely misses you.
Casting: Summon Small Mammal (safe; 1% risk of failure)
Confirm with . or Enter, or press ? or * to list all spells.
Your quokka bites the hobgoblin.
The hobgoblin hits you.
The kobold hits you with a +2 dagger of electrocution.
You are electrocuted!
Ouch! That really hurt!
You die...

#####..............#
#..
......#.############
#.. ..###.#.# #..
#.#.# #.. #(#.# ###
#.# #.####### ###
#r....?.. ...
#@r###### #### #Kg#
.... #w....# # .....
∆##.#### #. .... ..
#.. ... .## ..# #.#
.# #.##.## .# #.
#.#.#. .#
#...###...#


You could see a dart slug, a hobgoblin (ally target), a kobold (ally target), a
friendly quokka (summoned) and a friendly rat (summoned).

Vanquished Creatures
  2 endoplasms (D:1)
2 creatures vanquished.

Vanquished Creatures (collateral kills)
  A dart slug (D:1)
  An endoplasm (D:1)
  A hobgoblin (D:1)
  A ball python (D:1)
  2 rats (D:1)
6 creatures vanquished.

Grand Total: 8 creatures vanquished

Notes
Turn   | Place    | Note
-------+----------+-------------------------------------------
     0 | D:1      | zeram the Gnoll Summoner began the quest for the Orb.
     0 | D:1      | Reached XP level 1. HP: 13/13 MP: 6/6
   237 | D:1      | Reached XP level 2. HP: 2/19 MP: 5/7
   533 | D:1      | Found a faded altar of an unknown god.
   631 | D:1      | Slain by a kobold

Illustrated notes

Levels and vault maps discovered:
D:1:      roderic_crossed_star, layout_basic, ebering_ecumenical_altar_mist,
          minmay_misc_feat_plants

Action                   || total
-------------------------++-------
Melee: Unarmed           ||    18
       Whip              ||     6
 Cast: Summon Small Mamm ||    10
 Stab: Sleeping          ||     5
       Distracted        ||     1
Armor: Robe              ||     6
Dodge: Dodged            ||    15
